 Dungeon Sprint DCSS version 0.28-a0-429-g1448048969 (webtiles) character file.

Game seed: 1629827488707305752

982 dolemite99 the Protected (level 8, 0/81 HPs)
             Began as a Hill Orc Fighter on Sept 12, 2021.
             Was an Initiate of Nemelex Xobeh.
             Slain by a deep troll (18 damage)
             ... in the Dungeon (Sprint I: "Red Sonja").
             The game lasted 00:02:56 (1122 turns).

dolemite99 the Protected (Hill Orc Fighter)         Turns: 1122, Time: 00:02:56

Health: 0/81       AC:  9    Str: 21    XL:     8   Next: 17%
Magic:  8/8        EV: 10    Int:  8    God:    Nemelex Xobeh [......]
Gold:   405        SH:  4    Dex: 10    Spells: 7/7 levels left

rFire   . . .      SeeInvis .   a - +0 war axe
rCold   . . .      Faith    .   c - +0 buckler
rNeg    . . .      Spirit   .   b - +0 scale mail
rPois   .          Reflect  .   (no helmet)
rElec   .          Harm     .   (no cloak)
rCorr   .          Rampage  .   (no gloves)
Will    .....      NoTele   +   (no boots)
Stlth   ..........              (no amulet)
HPRegen 0.23/turn               (no ring)
MPRegen 0.11/turn               (no ring)

@: no status effects
A: no striking features
a: Renounce Religion, Draw Escape, Draw Destruction, Draw Summoning


You were in the Dungeon.
You worshipped Nemelex Xobeh.
Nemelex Xobeh was noncommittal.
You visited 1 branch You collected 405 gold pieces.

Inventory:

Hand Weapons
 a - a +0 war axe (weapon)
 d - a +0 dagger of draining
Missiles
 g - a curare-tipped dart (quivered)
Armour
 b - a +0 scale mail (worn)
 c - a +0 buckler (worn)
 f - a +0 scale mail
Scrolls
 j - a scroll of blinking
Potions
 h - 2 potions of magic


   Skills:
 - Level 10.6 Fighting
 - Level 12.0 Axes
 + Level 0.0 Throwing
 - Level 13.3 Armour
 - Level 3.2 Shields


You had 7 spell levels left.
You didn't know any spells.
Your spell library was empty.

Dungeon Overview and Level Annotations

Branches:
Dungeon (1/1)

Altars:
Cheibriados
Dithmenos
Elyvilon
Fedhas
Gozag
Hepliaklqana
Kikubaaqudgha
Nemelex Xobeh
Okawaru
Qazlal
Ru
Sif Muna
Trog
Uskayaw
Vehumet
Wu Jian
Yredelemnul
Zin
The Shining One

Shops:
D *


Message History

Press: ? - help, Q - select action, (/) - cycle Shift-Dir - straight line, f/p - deep troll
Aim: a deep troll (moderately wounded, very poisoned, slow, 62% to hit)
You throw a curare-tipped dart.
The curare-tipped dart closely misses the deep troll.
There is an open door here.
You see here the kobold skeleton of Sonja.
Throw: 3 darts (curare)
Press: ? - help, Shift-Dir - straight line, f/p - deep troll
Aim: a deep troll (moderately wounded, very poisoned, slow, 62% to hit)
You throw a curare-tipped dart.
The curare-tipped dart barely misses the deep troll.
Throw: 2 darts (curare)
Press: ? - help, Shift-Dir - straight line, f/p - deep troll
Aim: a deep troll (moderately wounded, poisoned, slow, 62% to hit)
You throw a curare-tipped dart.
The curare-tipped dart hits the deep troll.
The deep troll looks even sicker.
The deep troll convulses.
The deep troll seems to be slow for longer.
The deep troll is moderately wounded.
The deep troll bites you!
The deep troll claws you but does no damage.
The deep troll closely misses you.
You see here the kobold skeleton of Sonja.
You hit the deep troll but do no damage.
The deep troll is moderately wounded.
The deep troll bites you!!
The deep troll claws you but does no damage.
The deep troll claws you!
You slash the deep troll!
The deep troll is heavily wounded.
You barely miss the deep troll.
The deep troll is heavily wounded.
The deep troll bites you!!
* * * LOW HITPOINT WARNING * * *
The deep troll claws you!
* * * LOW HITPOINT WARNING * * *
The deep troll claws you but does no damage.
You feel better. The deep troll bites you!!
You die...
Your body disappears without a glow.

################
#<.#..').#..'..#
#..').#..').#..+
#..#####'#####'#
#..####..#...#.#
#..#__####..##.#
#..#_____##'#_.+
#⌠⌠#_.∩...'..._#
####_..__##_@#+#
#_____###T#
#########.####+###
......+...'$(.$(+
+++####...#######
##.## #+#


You could see a deep troll (very poisoned, slow).

Vanquished Creatures
  Sonja (D)
  Sigmund (D)
  A yak (D)
  An ogre (D)
  A jelly (D)
  Ijyb (D)
6 creatures vanquished.

Notes
Turn   | Place    | Note
-------+----------+-------------------------------------------
     0 | D        | dolemite99 the Hill Orc Fighter began the quest for the
                  | Orb.
     0 | D        | Reached XP level 1. HP: 19/19 MP: 1/1
     1 | D        | Noticed Ijyb
    18 | D        | Killed Ijyb
    19 | D        | Reached XP level 2. HP: 25/26 MP: 2/2
    19 | D        | Reached XP level 3. HP: 30/31 MP: 3/3
    31 | D        | Noticed an ogre
    35 | D        | Killed an ogre
    36 | D        | Reached XP level 4. HP: 27/39 MP: 4/4
   288 | D        | Noticed Sigmund
   300 | D        | Killed Sigmund
   301 | D        | Reached skill level 10 in Fighting
   301 | D        | Reached XP level 5. HP: 24/59 MP: 5/5
   301 | D        | Reached XP level 6. HP: 27/67 MP: 6/6
   512 | D        | Found an ornate altar of the Wu Jian Council.
   512 | D        | Found a shimmering blue altar of Sif Muna.
   514 | D        | Found a radiant altar of Vehumet.
   518 | D        | Reached skill level 4 in Armour
   629 | D        | Found Waalu Ari's General Store.
   629 | D        | Found an ancient bone altar of Kikubaaqudgha.
   629 | D        | Found a hazy altar of Hepliaklqana.
   629 | D        | Found a stormy altar of Qazlal.
   629 | D        | Found a hide-covered altar of Uskayaw.
   629 | D        | Found a blossoming altar of Fedhas.
   629 | D        | Found a bloodstained altar of Trog.
   629 | D        | Found an iron altar of Okawaru.
   629 | D        | Found a basalt altar of Yredelemnul.
   629 | D        | Found a glowing golden altar of the Shining One.
   629 | D        | Found a snail-covered altar of Cheibriados.
   629 | D        | Found a sacrificial altar of Ru.
   629 | D        | Found a glowing silver altar of Zin.
   629 | D        | Found a shadowy altar of Dithmenos.
   629 | D        | Found a white marble altar of Elyvilon.
   629 | D        | Noticed a yak
   638 | D        | Killed a yak
   639 | D        | Reached skill level 8 in Armour
   639 | D        | Found an opulent altar of Gozag.
   640 | D        | Found a sparkling altar of Nemelex Xobeh.
   770 | D        | Became a worshipper of Nemelex Xobeh the Trickster
   778 | D        | Noticed Sonja
   790 | D        | Killed Sonja
   791 | D        | Reached skill level 13 in Armour
   791 | D        | Reached XP level 7. HP: 31/73 MP: 7/7
   791 | D        | Reached XP level 8. HP: 35/81 MP: 8/8
  1109 | D        | Noticed a deep troll
  1122 | D        | Slain by a deep troll

Illustrated notes

Levels and vault maps discovered:
D:        dungeon_sprint_1 [red_sonja_temple_1, red_sonja_temple_small_1]

Skill      XL: |  1  2  3  4  5  6 |
---------------+-------------------+-----
Axes           | 8 12 | 12.0
Fighting       | 10 | 10.6
Armour         | 13 | 13.3
Shields        | |  3.2

Action                   |  1- 3 |  4- 6 |  7- 9 || total
-------------------------+-------+-------+-------++-------
Melee: War axe           |    18 |    30 |     3 ||    51
Throw: Dart              |       |       |     4 ||     4
  Use: Potion            |     2 |     3 |     1 ||     6
       Scroll            |       |     1 |       ||     1
 Stab: Invisible         |       |     1 |       ||     1
Armor: Scale mail        |     2 |    12 |     3 ||    17
Dodge: Dodged            |     7 |    17 |     1 ||    25
Block: Buckler           |     3 |     3 |       ||     6

Table legend: (Time is in decaauts)
 A = Elapsed time spent in this place.
 B = Non-inter-level travel time spent in this place.
 C = Inter-level travel time spent in this place.
 D = Time resting spent in this place.
 E = Time spent auto-exploring this place.
 F = Levels seen in this place.
 G = Mean time per level.
                   A        B        C        D        E       F      G
               +--------+--------+--------+--------+--------+-----+--------+
         Total |   1122 |   1122 |      0 |    941 |      0 |   1 | 1122.0 |
       Dungeon |   1122 |   1122 |      0 |    941 |      0 |   1 | 1122.0 |
               +--------+--------+--------+--------+--------+-----+--------+

Top non-repeatable levels by time:
       D: 1122 daAuts
